 Dungeon Crawl Stone Soup version 0.25-a0-424-g80bd347ae0 (webtiles) character file.

Game seed: 11388575572125433041, levelgen mode: deterministic

81 Kohma the Stinger (level 4, 0/38 HPs)
             Began as a Naga Venom Mage on Jan 23, 2020.
             Slain by a gnoll
             ... wielding a +1 whip of draining
              (3 damage)
             ... on level 2 of the Dungeon.
             The game lasted 00:05:40 (2409 turns).

Kohma the Stinger (Naga Venom Mage)                 Turns: 2409, Time: 00:05:40

Health: 0/38       AC:  3    Str: 10    XL:     4   Next: 40%
Magic:  6/8        EV:  9    Int: 16    God:
Gold:   73         SH:  0    Dex: 12    Spells: 5/8 levels left

rFire    . . .     SeeInvis +   n - +2 short sword (speed)
rCold    . . .     Gourm    .   (no shield)
rNeg     . . .     Faith    .   a - +0 robe
rPois    +         Spirit   .   (no helmet)
rElec    .         Reflect  .   (no cloak)
rCorr    .         Harm     .   b - +0 pair of gloves
MR       .....                  (no barding)
Stlth    ++........             (no amulet)
HPRegen  0.12/turn              (no ring)
MPRegen  0.11/turn              (no ring)

@: short of breath, drained, very slow
A: large, see invisible, deformed body, poison resistance, slowness 2, slow
metabolism 1, spit poison 1, AC +1
a: Spit Poison


You were on level 2 of the Dungeon.
You were not hungry.

You visited 1 branch of the dungeon, and saw 2 of its levels.

You collected 73 gold pieces.

Inventory:

Hand Weapons
 n - a +2 short sword of speed (weapon)
Missiles
 j - 7 javelins (quivered)
Armour
 a - a +0 robe (worn)
 b - a +0 pair of gloves (worn)
 p - a cursed +0 leather armour
Jewellery
 m - an uncursed ring of poison resistance {unknown}
Scrolls
 f - 2 scrolls of teleportation {unknown}
 h - a scroll of identify {unknown}
 k - 2 scrolls of fog {unknown}
 l - a scroll of fear {unknown}
Potions
 e - a potion of magic {unknown}
 g - a potion of heal wounds {unknown}
 i - a potion of lignification {unknown}
 o - a potion of curing {unknown}
Comestibles
 c - 5 rations
 d - a chunk of flesh


   Skills:
 + Level 1.3(0.7) Fighting
 - Level 1.5(0.9) Dodging
 - Level 3.0(2.4) Stealth
 * Level 2.8(2.2) Spellcasting
 - Level 1.0(0.4) Transmutations
 * Level 1.5(0.9) Air Magic
 * Level 5.0(4.4) Poison Magic


You had 5 spell levels left.
You knew the following spells:

 Your Spells              Type           Power        Failure   Level  Hunger
a - Sting                 Tmut/Pois      #...         8%          1    #......
b - Poisonous Vapours     Pois/Air       ##....       11%         2    ###....

Your spell library contained the following spells:

 Spells                   Type           Power        Failure   Level  Hunger
 Mephitic Cloud           Conj/Pois/Air  #.......     28%         3    ###....
 Ignite Poison            Fire/Tmut/Pois #.......     30%         3    ###....
 Olgreb's Toxic Radiance  Pois           ###.....     32%         4    #####..


Dungeon Overview and Level Annotations

Branches:
Dungeon (2/15)

Altars:


Innate Abilities, Weirdness & Mutations

You cannot wear boots.
Your serpentine skin is tough. (AC +1)
You have supernaturally acute eyesight. (SInv)
Armour fits poorly on your strangely shaped body.
Your system is resistant to poisons. (rPois)
You cover ground very slowly.
You have a slow metabolism.
You can spit poison.


Message History

Aim: a gnoll, wielding a +0 club The splash of poison hits the gnoll!
The gnoll looks even sicker.
The gnoll is almost dead.
You feel slightly more hungry. The gnoll hits you with a +0 spear.
You puncture the gnoll!
You kill the gnoll!
Your Poison Magic skill increases to level 5!
The gnoll shouts!
You hit the gnoll.
The gnoll is lightly wounded.
The gnoll hits you with a +1 whip of draining.
You feel drained.
You barely miss the gnoll.
The gnoll is lightly wounded.
You hit the gnoll.
The gnoll is moderately wounded.
The gnoll hits you with a +1 whip of draining!
* * * LOW HITPOINT WARNING * * *
You feel drained.
You die...

####......#.#
# #.# .#
#......#.#g
#.# .#
########.#.
#.# .# #.#g
#.# .# #.#$
#.# .# #.#g
#.# .# #.#.
#.# .#
#.#.####.# .#
#.#ggg@..# .#
#.######## .#
#.# .# #.# .#
#.#
.##########.#
............#
#############


You could see 3 gnolls.

Vanquished Creatures
  A gnoll (D:2)
  An adder (D:2)
  An ooze (D:1)
  A dart slug (D:1)
  3 leopard geckos (D:1)
  6 bats
  2 giant cockroaches (D:2)
  7 goblins (D:1)
  8 hobgoblins
  2 jackals (D:2)
  2 frilled lizards
  10 kobolds
  4 rats
48 creatures vanquished.

Notes
Turn   | Place    | Note
-------+----------+-------------------------------------------
     0 | D:1      | Kohma the Naga Venom Mage began the quest for the Orb.
     0 | D:1      | Reached XP level 1. HP: 15/15 MP: 3/3
   178 | D:1      | Reached XP level 2. HP: 24/24 MP: 1/5
   182 | D:1      | Learned a level 2 spell: Poisonous Vapours
   578 | D:1      | Reached XP level 3. HP: 30/30 MP: 1/6
   725 | D:1      | Reached skill level 1 in Fighting
   948 | D:1      | Reached skill level 1 in Air Magic
  1966 | D:2      | Reached XP level 4. HP: 38/38 MP: 4/8
  2406 | D:2      | Reached skill level 5 in Poison Magic
  2409 | D:2      | Slain by a gnoll

Levels and vault maps discovered:
D:1:      giann_bridges, layout_basic
D:2:      layout_basic

Skill      XL: |  1  2  3  4 |
---------------+-------------+-----
Fighting       | 1 |  1.3
Air Magic      | 1 |  1.5
Poison Magic   | 5 |  5.0
Dodging        | |  1.5
Stealth        | |  3.0
Spellcasting   | |  2.8
Transmutations | |  1.0

Action                   |  1- 3 |  4- 6 || total
-------------------------+-------+-------++-------
Melee: Short sword       |    26 |     6 ||    32
 Cast: Sting             |    43 |    10 ||    53
       Poisonous Vapours |    19 |     5 ||    24
 Abil: Spit Poison       |       |     1 ||     1
  Eat: Chunk             |     4 |     1 ||     5
Armor: Robe              |    15 |     4 ||    19
Dodge: Dodged            |    32 |     1 ||    33

Table legend:
 A = Non-vault XP
 B = Vault XP
 C = Vault XP percentage of total XP
 D = Non-vault monster count
 E = Vault monster count
 F = Vault count percentage of total count
                 A         B        C        D         E       F
            +---------+---------+-------+---------+---------+-------
      Total |     116 |       0 |   0.0 |      48 |       0 |   0.0
            +---------+---------+-------+---------+---------+-------
        D:1 |      71 |       0 |   0.0 |      35 |       0 |   0.0
        D:2 |      45 |       0 |   0.0 |      13 |       0 |   0.0
            +---------+---------+-------+---------+---------+-------
